 Dungeon Crawl Stone Soup version 0.17.1-1-g73c8601 (webtiles) character file.

669 Eptagon the Martial Artist (level 7, -4/46 HPs)
             Began as an Octopode Monk on Dec 20, 2015.
             Slain by an ogre
             ... wielding a +0 giant spiked club
              (27 damage)
             ... on level 4 of the Dungeon.
             The game lasted 00:11:32 (5489 turns).

Eptagon the Martial Artist (Octopode Monk)          Turns: 5489, Time: 00:11:33

Health: -4/46      AC:  1    Str: 10    XL:     7   Next: 58%
Magic:  7/7        EV: 13    Int: 12    God:
Gold:   268        SH:  0    Dex: 17    Spells: 0 memorised, 6 levels left

rFire  . . .     SeeInvis .       - Unarmed
rCold  . . .     Clarity  .     (no shield)
rNeg   . . .     SustAt   .     (helmet restricted)
rPois  .         Gourm    .     (no amulet)
rElec  .         Spirit   .     (no ring)
rCorr  .         Warding  .     (no ring)
rMut   .         Stasis   .     (no ring)
MR     .....                    (no ring)
Stlth  +++.......               (no ring)
                                (no ring)
                                (no ring)
                                (no ring)

@: not resistant to hostile enchantments, fairly stealthy
A: almost no armour, amphibious, 8 rings, constrict 8, camouflage 1, gelatinous
body 1
a: no special abilities


You were on level 4 of the Dungeon.
You were not hungry.

You visited 1 branch of the dungeon, and saw 4 of its levels.

You collected 268 gold pieces.

Inventory:

Armour
 a - a +0 buckler
Wands
 o - a wand of magic darts (9)
 p - a wand of teleportation (6)
Scrolls
 d - 3 scrolls of teleportation {unknown}
 e - 2 scrolls of remove curse
 h - a scroll of random uselessness {unknown}
 k - a scroll of noise {unknown}
 m - a scroll of fog {unknown}
 r - a scroll of recharging {unknown}
Potions
 b - a potion of degeneration {unknown}
 c - a potion of flight {unknown}
 j - a potion of heal wounds
 n - a potion of ambrosia
Comestibles
 f - 3 chunks of flesh
 l - 2 meat rations
 s - 3 bread rations
 t - a beef jerky


   Skills:
 - Level 3.0 Fighting
 - Level 3.0 Dodging
 - Level 2.6 Stealth
 + Level 9.0 Unarmed Combat


You had 6 spell levels left.
You didn't know any spells.

Dungeon Overview and Level Annotations

Branches:
Dungeon (4/15)
 Temple: D:4-7

Altars:
Makhleb
Xom


Innate Abilities, Weirdness & Mutations

You cannot wear most types of armour.
You are amphibious.
You can wear up to eight rings at the same time.
You can use your tentacles to constrict eight enemies at once.
Your skin changes colour to match your surroundings (Stealth).
Your rubbery body absorbs attacks (AC +1).


Message History

The ogre misses you.
You tentacle-slap the ogre.
The ogre is moderately wounded.
You tentacle-slap the ogre. You squeeze the ogre.
The ogre is severely wounded.
The ogre hits you with a giant spiked club!!
Ouch! That really hurt!
You barely miss the ogre.
The ogre is severely wounded.
You tentacle-slap the ogre but do no damage.
You squeeze the ogre.
The ogre is severely wounded.
The ogre closely misses you.
You barely miss the ogre.
The ogre is severely wounded.
You barely miss the ogre.
The ogre is severely wounded.
The ogre hits you with a giant spiked club!!
Ouch! That really hurt!
You die...

######.#####....##.
#...................
##.###.###########.#
#.# #......... .#
#.# ########## # #.#
#.#
#.#############.#
#.)........@O...#
#################


You could see an ogre.

Vanquished Creatures
  An ogre (D:4)
  A big kobold (D:3)
  A hound (D:4)
  A crimson imp (D:3)
  4 orc priests
  Ijyb (D:2)
  An orc wizard (D:3)
  Terence (D:2)
  Natasha (thrice) (D:2)
  2 adders (D:3)
  6 gnolls (D:3)
  An ooze (D:3)
  2 worms
  8 giant geckos
  6 orcs
  11 bats
  4 giant cockroaches
  29 hobgoblins
  4 jackals (D:1)
  3 ball pythons (D:1)
  4 giant newts
  31 goblins
  8 kobolds
  5 rats
138 creatures vanquished.

Notes
Turn   | Place    | Note
--------------------------------------------------------------
     0 | D:1      | Eptagon the Octopode Monk began the quest for the Orb.
     0 | D:1      | Reached XP level 1. HP: 16/16 MP: 1/1
   248 | D:1      | Reached XP level 2. HP: 21/21 MP: 2/2
   508 | D:1      | Reached XP level 3. HP: 26/26 MP: 3/3
   553 | D:1      | Reached skill level 5 in Unarmed Combat
  1014 | D:2      | Noticed Natasha
  1022 | D:2      | Killed Natasha
  1022 | D:2      | Reached XP level 4. HP: 4/31 MP: 4/4
  1062 | D:2      | Noticed Natasha
  1206 | D:2      | Killed Natasha
  1227 | D:2      | Noticed Natasha
  1240 | D:2      | Killed Natasha
  1425 | D:2      | Noticed Ijyb
  1433 | D:2      | Killed Ijyb
  1433 | D:2      | Reached skill level 6 in Unarmed Combat
  1439 | D:2      | Reached XP level 5. HP: 23/36 MP: 5/5
  1549 | D:2      | Noticed Terence
  1567 | D:2      | Killed Terence
  2355 | D:3      | Reached skill level 7 in Unarmed Combat
  2355 | D:3      | Reached XP level 6. HP: 17/42 MP: 6/6
  2814 | D:3      | Found a shimmering altar of Xom.
  2815 | D:3      | Found a burning altar of Makhleb.
  4062 | D:3      | HP: 2/42 [orc wizard/dagger of speed (2)]
  4064 | D:3      | Reached skill level 8 in Unarmed Combat
  4409 | D:3      | Reached XP level 7. HP: 23/46 MP: 7/7
  5390 | D:4      | Reached skill level 9 in Unarmed Combat
  5489 | D:4      | Slain by an ogre

Action                   |  1- 3 |  4- 6 |  7- 9 || total
-------------------------+-------+-------+-------++-------
Melee: Unarmed           |    83 |   148 |    50 ||   281
 Fire: Hunting sling     |       |    57 |     6 ||    63
  Use: Scroll            |       |     3 |       ||     3
       Potion            |       |       |     1 ||     1
 Stab: Sleeping          |     9 |     5 |       ||    14
       Distracted        |       |     3 |       ||     3
  Eat: Chunk             |       |    10 |     4 ||    14
